 Dungeon Crawl Stone Soup version 0.22.1-1-ga44c0e5 (webtiles) character file.

381 Harpaggios the Cudgeler (level 6, -1/47 HPs)
             Began as a Barachi Fighter on Oct 23, 2018.
             Was an Initiate of Okawaru.
             Killed from afar by an orc wizard (5 damage)
             ... with a magic dart
             ... on level 4 of the Dungeon.
             The game lasted 00:14:08 (3541 turns).

Harpaggios the Cudgeler (Barachi Fighter)           Turns: 3541, Time: 00:14:09

Health: -1/47      AC:  6    Str: 19    XL:     6   Next: 75%
Magic:  6/6        EV:  7    Int:  9    God:    Okawaru [......]
Gold:   146        SH:  9    Dex: 11    Spells: 5/5 levels left

rFire    . . .     SeeInvis .   a - +0 flail
rCold    . . .     Gourm    .   c - +0 shield
rNeg     . . .     Faith    .   b - +0 scale mail
rPois    .         Spirit   .   (no helmet)
rElec    .         Reflect  .   (no cloak)
rCorr    .         Harm     .   (no gloves)
MR       .....                  (no boots)
Stlth    ..........             (no amulet)
HPRegen  0.15/turn              (no ring)
MPRegen  0.10/turn              (no ring)

@: can't hop, slow
A: +LOS, swims, slowness 1, strong legs 1
a: Hop, Renounce Religion


You were on level 4 of the Dungeon.
You worshipped Okawaru.
Okawaru was noncommittal.
You were not hungry.

You visited 1 branch of the dungeon, and saw 4 of its levels.

You collected 146 gold pieces.

Inventory:

Hand Weapons
 a - a +0 flail (weapon)
Armour
 b - a +0 scale mail (worn)
 c - a +0 shield (worn)
 k - a +1 leather armour of positive energy
Jewellery
 t - a +5 ring of protection {unknown}
Wands
 p - a wand of clouds (2)
 q - a wand of random effects (22)
Scrolls
 e - a scroll of remove curse
Potions
 d - a potion of might
 g - a potion of lignification
 h - a potion of curing
 j - a potion of brilliance
Comestibles
 f - 12 rations


   Skills:
 - Level 3.6 Fighting
 + Level 7.7 Maces & Flails
 - Level 3.6 Armour
 - Level 3.2 Shields


You had 5 spell levels left.
You didn't know any spells.
Your spell library was empty.

Dungeon Overview and Level Annotations

Branches:
Dungeon (4/15)
 Temple: D:4-7

Altars:
Dithmenos
Kikubaaqudgha
Nemelex Xobeh
Okawaru
Zin


Innate Abilities, Weirdness & Mutations

Shadows flee at your approach. (+LOS)
You can swim through water.
You cover ground slowly.
You can hop short distances.


Message History

You miss the orc wizard.
The orc wizard is heavily wounded.
Something hits you but does no damage. You block the orc wizard's attack.
You barely miss the orc wizard.
The orc wizard is heavily wounded.
Something hits you but does no damage. The orc wizard casts a spell at you.
You block the puff of frost.
You sock the orc wizard!
You kill the orc wizard!
Okawaru accepts your kill. Something hits you.
* * * LOW HITPOINT WARNING * * *
Something hits you but does no damage.
Hop to where?
Press: ? - help, Dir - move target cursor Boing!
A magic dart appears from out of thin air!
The magic dart hits you!
You die...

..####. ...... .....
.... ... .. #.
####.#######
#....@.....#
+..........+
#........ยง)#
##########)#
#########...####..###
.........>....#.....#
#....
..............'.....#
#....
..............#.<...#
+....
###+######.....###+###
#....


There were no monsters in sight!

Vanquished Creatures
  A bullfrog skeleton (D:3)
  2 hounds
  2 orc wizards
  Natasha (thrice) (D:3)
  A worker ant (D:4)
  3 gnolls (D:3)
  An adder (D:2)
  A worm (D:2)
  3 dart slugs
  3 leopard geckos
  7 orcs
  8 bats
  7 giant cockroaches
  10 goblins
  8 hobgoblins
  4 jackals (D:2)
  9 kobolds
  5 frilled lizards (D:2)
  4 rats
82 creatures vanquished.

Notes
Turn   | Place    | Note
-------+----------+-------------------------------------------
     0 | D:1      | Harpaggios the Barachi Fighter began the quest for the Orb.
     0 | D:1      | Reached XP level 1. HP: 18/18 MP: 1/1
   160 | D:1      | Reached XP level 2. HP: 24/24 MP: 2/2
   220 | D:1      | Reached skill level 3 in Maces & Flails
   678 | D:2      | Reached XP level 3. HP: 21/29 MP: 3/3
   752 | D:2      | Reached skill level 4 in Maces & Flails
   876 | D:2      | Found a shadowy altar of Dithmenos.
  1140 | D:2      | Found a sparkling altar of Nemelex Xobeh.
  1219 | D:2      | Reached XP level 4. HP: 30/36 MP: 4/4
  1958 | D:3      | Noticed Natasha
  1964 | D:3      | Killed Natasha
  1964 | D:3      | Reached skill level 5 in Maces & Flails
  2140 | D:3      | Reached XP level 5. HP: 31/41 MP: 5/5
  2313 | D:3      | Reached skill level 6 in Maces & Flails
  2410 | D:3      | Noticed Natasha
  2422 | D:3      | Killed Natasha
  2427 | D:3      | Noticed Natasha
  2443 | D:3      | Killed Natasha
  2443 | D:3      | Reached XP level 6. HP: 34/47 MP: 6/6
  2491 | D:3      | Found a glowing silver altar of Zin.
  2558 | D:3      | Found an ancient bone altar of Kikubaaqudgha.
  2773 | D:3      | Reached skill level 7 in Maces & Flails
  2978 | D:3      | Found an iron altar of Okawaru.
  2987 | D:3      | Became a worshipper of Warmaster Okawaru
  3541 | D:4      | Killed from afar by an orc wizard

Skill      XL: |  1  2  3  4  5  6 |
---------------+-------------------+-----
Maces & Flails | 3 4 5 6 7 |  7.7
Fighting       | |  3.6
Armour         | |  3.6
Shields        | |  3.2

Action                   |  1- 3 |  4- 6 || total
-------------------------+-------+-------++-------
Melee: Flail             |   105 |   211 ||   316
 Abil: Hop               |       |     2 ||     2
  Use: Potion            |       |     6 ||     6
       Scroll            |       |     5 ||     5
  Eat: Chunk             |     2 |     8 ||    10
Armor: Scale mail        |    39 |    70 ||   109
       Skin              |       |     3 ||     3
Dodge: Dodged            |    25 |    64 ||    89
Block: Shield            |    45 |    85 ||   130
